[Event "*** SCC Grand Prix: Titled Tuesday Blitz"]
[Site "Chess.com"]
[Date "2020.10.06"]
[Round "3"]
[White "brunomorado"]
[Black "icychess54"]
[Result "1-0"]
[WhiteElo "2437"]
[BlackElo "2247"]
[TimeControl "180+1"]
[EndTime "10:26:38 PDT"]
[Termination "brunomorado won on time"]

1. d4 d5 2. Nc3 c5 3. e4 dxe4 4. d5 Nf6 5. Bg5 Bf5 6. Nge2 Nbd7 7.
Ng3 Bg6 8. Bb5 a6 9. Be2 h6 10. Bf4 Bh7 11. h4 b5 12. Qd2 b4 13. Na4 Qa5 14. b3 Nb6 15. Nxb6 Qxb6 16. O-O O-O-O 17. d6 exd6 18. a3 d5 19. axb4 Qxb4 20. c3 Qb6 21.
Rxa6 Qb7 22. Rfa1 Be7 23. Ra8+ Kd7 24. R8a7 1-0

[Event "*** SCC Grand Prix: Titled Tuesday Blitz"]
[Site "Chess.com"]
[Date "2020.10.06"]
[Round "3"]
[White "tsvet2005"]
[Black "Balla_Tamas"]
[Result "1-0"]
[WhiteElo "2676"]
[BlackElo "2434"]
[TimeControl "180+1"]
[EndTime "10:26:39 PDT"]
[Termination "tsvet2005 won by resignation"]

1. d4 f5 2. Nf3 Nf6 3. c4 e6 4.
g3 d5 5. Bg2 c6 6. O-O Bd6 7.
b3 Qe7 8. Qc2 O-O 9. Ne5 Nbd7 10.
Nd3 dxc4 11. bxc4 e5 12. e3 e4 13. Nf4 g5 14. Ne2 b6 15. Bb2 Re8 16. Nd2 Nf8 17. Nb3 Ng6 18. c5 bxc5 19. dxc5 Be5 20. Nbd4 Bd7 21. Rfd1 Nd5 22. Qc4 Kh8 23. Rab1 Rab8 24. Ba1 h6 25. Nc3 Nxc3 26. Qxc3 Kh7 27. Qa5 h5 28. Rxb8 Bxb8 29. Rb1 h4 30. Rb7 hxg3 31. hxg3 f4 32. Nxc6 Qe6 33. Nxb8 Rxb8 34. Rxb8 fxg3 35. fxg3 Qg4 36. Qe1 1-0

[Event "*** SCC Grand Prix: Titled Tuesday Blitz"]
[Site "Chess.com"]
[Date "2020.10.06"]
[Round "3"]
[White "topotun"]
[Black "Konavets"]
[Result "1/2-1/2"]
[WhiteElo "2747"]
[BlackElo "3001"]
[TimeControl "180+1"]
[EndTime "10:26:40 PDT"]
[Termination "Game drawn by repetition"]

1. e4 c5 2. Nf3 e6 3. d4 cxd4 4.
Nxd4 Nc6 5. Nc3 a6 6. Be2 Nf6 7. a3 d6 8. Be3 Be7 9. f4 O-O 10. g4 Nxd4 11. Qxd4 b5 12. g5 Nd7 13. O-O-O Bb7 14.
h4 Rc8 15. Kb1 Qa5 16. h5 Rxc3 17. Bd2 e5 18. fxe5 b4 19. exd6 Bxg5 20. axb4 Qa4 21.
Bxc3 Bf6 22. Qd3 Ne5 23. Qe3 Bc8 24. b3 Qa3 25. Rhf1 Be6 26. Rxf6 Bxb3 27. cxb3 Qxb3+ 28. Ka1 Qa3+ 29. Kb1 Qb3+ 30. Ka1 Qa3+ 31. Kb1 Qb3+ 1/2-1/2

[Event "*** SCC Grand Prix: Titled Tuesday Blitz"]
[Site "Chess.com"]
[Date "2020.10.06"]
[Round "3"]
[White "suyu28"]
[Black "nrvisakh"]
[Result "1-0"]
[WhiteElo "2587"]
[BlackElo "2779"]
[TimeControl "180+1"]
[EndTime "10:26:41 PDT"]
[Termination "suyu28 won by resignation"]

1. d4 Nf6 2. c4 g6 3. g3 Bg7 4.
Bg2 O-O 5. Nc3 d6 6. Nf3 Nc6 7. O-O a6 8. d5 Na5 9. Nd2 c5 10.
Qc2 Rb8 11. Rb1 b5 12. b3 Nd7 13. Bb2 Ne5 14. Nd1 Rb7 15. f4 Nd7 16. Bxg7 Kxg7 17. Nf2 f6 18. e4 Nb6 19. e5 Bf5 20. Nfe4 Nd7 21. exd6 exd6 22. Qc3 Qb6 23. Ng5 Bxb1 24. Ne6+ Kf7 25. Rxb1 Rfb8 26. Bh3 bxc4 27. Re1 Qb4 28. Qe3 c3 29. Ne4 Qd4 30. Nxd4 1-0

[Event "*** SCC Grand Prix: Titled Tuesday Blitz"]
[Site "Chess.com"]
[Date "2020.10.06"]
[Round "3"]
[White "26andrej26"]
[Black "Kaslask"]
[Result "1-0"]
[WhiteElo "2532"]
[BlackElo "2329"]
[TimeControl "180+1"]
[EndTime "10:26:41 PDT"]
[Termination "26andrej26 won by checkmate"]

1. e4 c5 2. Nf3 Nc6 3. d4 cxd4 4. Nxd4 g6 5. Nc3 Bg7 6. Be3 Nf6 7.
Bc4 d6 8. f3 Qb6 9. Nf5 Qxb2 10. Nxg7+ Kf8 11. Nd5 Nxd5 12. Bxd5 Kxg7 13. O-O Qc3 14.
Qc1 Be6 15. Rd1 Rhc8 16. Rd3 Qa5 17. Qb2+ Kg8 18. Bxe6 fxe6 19. Qb3 Kf7 20. f4 b5 21. f5 Nd8 22. fxe6+ Kg8 23. Rf1 Qa4 24. Bh6 Nc6 25. Qxa4 bxa4 26. Rf7 Ne5 27. Rg7+ Kh8 28. Rh3 Rxc2 29.
Rxe7 Ng4 30. Bg5 Rb8 31. Rhxh7+ Kg8 32. Reg7+ Kf8 33. e7+ Ke8 34. Rg8+ Kd7 35. e8=Q# 1-0

[Event "*** SCC Grand Prix: Titled Tuesday Blitz"]
[Site "Chess.com"]
[Date "2020.10.06"]
[Round "3"]
[White "mhennigan"]
[Black "olksuna"]
[Result "0-1"]
[WhiteElo "2426"]
[BlackElo "2624"]
[TimeControl "180+1"]
[EndTime "10:26:43 PDT"]
[Termination "olksuna won on time"]

1. g3 e5 2. Bg2 d5 3. d3 Nf6 4.
Nf3 Nc6 5. O-O Be7 6. c4 O-O 7. cxd5 Nxd5 8. Nc3 Nb6 9. a3 Re8 10. b4 Bf8 11. e3 a6 12. Bb2 Bf5 13. Ne4 h6 14.
Rc1 Qd7 15. Qc2 Rad8 16. Rfd1 Bh3 17. Bh1 Bg4 18. d4 Qf5 19. dxe5 Rxd1+ 20. Rxd1 Kh8 21.
Nh4 Bxd1 22. Qxd1 Qe6 23. f4 Rd8 24. Qb1 Nc4 0-1

[Event "*** SCC Grand Prix: Titled Tuesday Blitz"]
[Site "Chess.com"]
[Date "2020.10.06"]
[Round "3"]
[White "norwaytoadog"]
[Black "jamalm2"]
[Result "1-0"]
[WhiteElo "2283"]
[BlackElo "1730"]
[TimeControl "180+1"]
[EndTime "10:26:44 PDT"]
[Termination "norwaytoadog won on time"]

1. e4 c5 2. Nf3 e6 3. d4 cxd4 4.
Nxd4 a6 5. c4 Qc7 6. Nc3 Nf6 7.
Be2 b6 8. O-O Bb7 9. Qd3 Nc6 10.
Nxc6 Bxc6 11. Be3 d6 12. f4 Qb7 13. Bf3 Be7 14. b4 b5 15. a4 bxa4 16. b5 axb5 17.
cxb5 Bxe4 18. Nxe4 Nxe4 19. Bxe4 d5 20. Bf3 a3 21. f5 O-O 22. Bd4 Rfc8 23. fxe6 fxe6 24. Bg4 Qd7 25. Qe3 Qd6 26. Bxe6+ Kh8 27. Bxg7+ Kxg7 28. Rf7+ 1-0

[Event "*** SCC Grand Prix: Titled Tuesday Blitz"]
[Site "Chess.com"]
[Date "2020.10.06"]
[Round "3"]
[White "Stalri"]
[Black "Alexsur1981"]
[Result "0-1"]
[WhiteElo "2147"]
[BlackElo "2746"]
[TimeControl "180+1"]
[EndTime "10:26:45 PDT"]
[Termination "Alexsur1981 won by checkmate"]

1. d4 d6 2. c4 e5 3. Nf3 Nc6 4. Nc3 Nf6 5. e4 Bg4 6. dxe5 dxe5 7.
Bg5 Qxd1+ 8. Rxd1 Bb4 9. Bxf6 gxf6 10. Be2 Bxc3+ 11. bxc3 Be6 12. Nd2 Ke7 13. Nf1 Rhd8 14. Ne3 Rxd1+ 15. Kxd1 Kd6 16. Kc2 Kc5 17. Rb1 b6 18.
Nd5 Bxd5 19. cxd5 Ne7 20. Rb5+ Kd6 21. c4 f5 22. f3 fxe4 23. fxe4 f5 24. Bf3 Rf8 25. Kd3 fxe4+ 26. Kxe4 Rf4+ 27. Kd3 Rd4+ 28. Kc3 Nf5 29. c5+ bxc5 30. Ra5 e4 31. Bg4 Ne3 32.
Ra6+ Kxd5 33. Be2 Ke5 34. Rxa7 Nd5+ 35. Kc2 e3 36. Bf3 Rd2+ 37. Kc1 Nb4 38. Rxc7 Nd3+ 39. Kb1 Kd4 40. Re7 c4 41. Re4+ Kc3 42. Rxe3 Rb2+ 43.
Ka1 Rc2 44. a4 Kb4 45. Re2 Rc1+ 46. Ka2 Kc3 47. Be4 Nb4+ 48. Ka3 Ra1+ 49. Ra2 Rxa2# 0-1

[Event "*** SCC Grand Prix: Titled Tuesday Blitz"]
[Site "Chess.com"]
[Date "2020.10.06"]
[Round "3"]
[White "BilodeauA"]
[Black "ENajer77"]
[Result "1-0"]
[WhiteElo "2940"]
[BlackElo "2709"]
[TimeControl "180+1"]
[EndTime "10:26:46 PDT"]
[Termination "BilodeauA won by checkmate"]

1. d4 Nf6 2. Nc3 d5 3. Bf4 Bf5 4. f3 e6 5. g4 Bg6 6. h4 h5 7.
g5 Nfd7 8. e3 a6 9. Bd3 Bxd3 10.
Qxd3 c5 11. g6 f6 12. Nge2 Nc6 13. a3 Rc8 14. e4 cxd4 15. Nxd4 Nc5 16. Qd2 Nxd4 17.
Qxd4 e5 18. Bxe5 fxe5 19. Qxe5+ Qe7 20. Qf5 Qe6 21. O-O-O dxe4 22. fxe4 Be7 23. Rhf1 Bf6 24. Nd5 Qxf5 25. Rxf5 O-O 26. e5 Bxh4 27. Rxh5 Bg3 28. Ne7# 1-0

[Event "*** SCC Grand Prix: Titled Tuesday Blitz"]
[Site "Chess.com"]
[Date "2020.10.06"]
[Round "3"]
[White "Ranindu2003"]
[Black "TigrVShlyape"]
[Result "1-0"]
[WhiteElo "2598"]
[BlackElo "2809"]
[TimeControl "180+1"]
[EndTime "10:26:46 PDT"]
[Termination "Ranindu2003 won on time"]

1. e4 b6 2. d4 Bb7 3. Bd3 g6 4. f4 Bg7 5. Nf3 e6 6. c3 f5 7. Qe2 Ne7 8. O-O O-O 9. Nbd2 Nbc6 10. b3 fxe4 11. Nxe4 Nd5 12. g3 Nce7 13. Bd2 Nf5 14. Rae1 Qe7 15. Neg5 a5 16. Ne5 Rae8 17. Qg4 c5 18. Qh3 Nf6 19. Ng4 h5 20. Ne5 cxd4 21. Nxg6 Qc5 22. c4 Qc6 23. Ne4 d5 24. Nxf6+ Rxf6 25. cxd5 Qxd5 26. Be4 Qd7 27. Ne5 Qe7 28. Qxh5 Rh6 29.
Qg4 Bxe4 30. Rxe4 Rc8 31. Rfe1 1-0

[Event "*** SCC Grand Prix: Titled Tuesday Blitz"]
[Site "Chess.com"]
[Date "2020.10.06"]
[Round "3"]
[White "chessfrendz"]
[Black "GelmanAlexander"]
[Result "0-1"]
[WhiteElo "2379"]
[BlackElo "2563"]
[TimeControl "180+1"]
[EndTime "10:26:48 PDT"]
[Termination "GelmanAlexander won on time"]

1. d4 Nf6 2. Nf3 c5 3. d5 e6 4.
Nc3 b5 5. dxe6 fxe6 6. Nxb5 d5 7. e3 a6 8. Nc3 Nc6 9. Bd3 Bd6 10. O-O O-O 11.
b3 Rb8 12. Bb2 Qe8 13. Rb1 Qh5 14. Ne2 Ng4 15. Ng3 Bxg3 16. fxg3 Nxe3 17. Qe2 Nxf1 18. Rxf1 c4 19. Ba3 cxd3 20. cxd3 Rf7 21. Qc2 Bd7 22. Qc5 Ne5 23. Qd6 Nxf3+ 24. Rxf3 Rc8 25. Rxf7 Qxf7 0-1

[Event "*** SCC Grand Prix: Titled Tuesday Blitz"]
[Site "Chess.com"]
[Date "2020.10.06"]
[Round "3"]
[White "Margarita2907"]
[Black "KatarinaOstojic"]
[Result "0-1"]
[WhiteElo "2197"]
[BlackElo "2365"]
[TimeControl "180+1"]
[EndTime "10:26:50 PDT"]
[Termination "KatarinaOstojic won by checkmate"]

1. e4 c5 2. Nf3 d6 3. d4 cxd4 4.
Nxd4 Nf6 5. Nc3 a6 6. Be3 e5 7.
Nb3 Be6 8. f3 Be7 9. Qd2 O-O 10. O-O-O a5 11. Kb1 a4 12. Nc1 a3 13.
b3 Nc6 14. Nd5 Bxd5 15. exd5 Nb8 16. g4 Qa5 17. Qxa5 Rxa5 18. c4 Nbd7 19. Ne2 b5 20. Nc3 bxc4 21. Bxc4 Rc8 22. g5 Nh5 23. h4 g6 24. Ne4 f5 25. gxf6 Nhxf6 26. Ng5 Raa8 27. Ne6 Rab8 28. Kc2 Nb6 29. Bxb6 Rxb6 30. Kd3 Nh5 31. Rde1 Ng3 32. Rhg1 Bxh4 33. Rd1 Nf5 34. Rd2 Bf6 35. Ke4 Ng7 36. Nxg7 Kxg7 37. Rh2 Rb4 38. Rgh1 h5 39. Rg2 Kf7 40. Rhg1 g5 41. Kf5 Rcxc4 42. bxc4 Rxc4 43. Rxg5 Rf4# 0-1

[Event "*** SCC Grand Prix: Titled Tuesday Blitz"]
[Site "Chess.com"]
[Date "2020.10.06"]
[Round "3"]
[White "Mbneu"]
[Black "Khnykin_Nikolay"]
[Result "1-0"]
[WhiteElo "2314"]
[BlackElo "2059"]
[TimeControl "180+1"]
[EndTime "10:26:50 PDT"]
[Termination "Mbneu won by resignation"]

1. d4 e6 2. c4 b6 3. Nf3 Bb7 4. g3 Nf6 5. Bg2 Be7 6. O-O d6 7. Nc3 Nbd7 8. Qd3 a6 9. e4 c5 10. d5 O-O 11. dxe6 fxe6 12. Bh3 e5 13. Ng5 Re8 14.
Be6+ Kf8 15. Qf3 g6 16. Nf7 Qc7 17. Bh6+ Kg8 18. Nxe5+ Kh8 19. Nxd7 Nxd7 20. Qf7 Rg8 21.
Qxe7 Bc6 22. Bxd7 Qxd7 23. Qf6+ Rg7 24. Qxg7+ Qxg7 25. Bxg7+ Kxg7 26. Rad1 Rd8 27. e5 Kf7 28. Rxd6 Rc8 29. f4 Ke7 30. Rfd1 b5 31. Nd5+ Kf7 32.
b3 Bxd5 33. cxd5 Ke7 34. Rxa6 c4 1-0

[Event "*** SCC Grand Prix: Titled Tuesday Blitz"]
[Site "Chess.com"]
[Date "2020.10.06"]
[Round "3"]
[White "OhanyanEminChess"]
[Black "MiroVlasenko"]
[Result "0-1"]
[WhiteElo "2574"]
[BlackElo "2799"]
[TimeControl "180+1"]
[EndTime "10:26:51 PDT"]
[Termination "MiroVlasenko won by resignation"]

1. e4 Nc6 2. d4 d5 3. Nc3 dxe4 4. d5 Ne5 5. Nxe4 c6 6. dxc6 Qxd1+ 7. Kxd1 Nxc6 8. c3 Bf5 9. f3 O-O-O+ 10. Ke1 Nf6 11. Nxf6 exf6 12. Be3 Bd6 13. Kf2 Rhe8 14. Bb5 a6 15.
Bxc6 bxc6 16. Ne2 g5 17. h3 h5 18. Rad1 h4 19. Bb6 Rd7 20. Rhe1 Kb7 21. Bd4 Rde7 22.
Bxf6 Bg3+ 23. Kf1 Re6 24. Nxg3 Bd3+ 25. Ne2 Bxe2+ 26. Rxe2 Rxe2 27. Bxg5 Rxb2 28. Bxh4 f5 29. Bg5 Ree2 30. Rb1 Rf2+ 31. Ke1 Rxg2 32. Rxb2+ Rxb2 33. Bd2 Rxa2 34. h4 Ra1+ 35. Kf2 Rh1 36. Kg3 a5 37. c4 a4 38. Bg5 Kb6 39. Kf4 Kc5 40. Kxf5 Kxc4 41. Kg6 a3 42. Bf6 a2 43. h5 a1=Q 44.
Bxa1 Rxa1 45. f4 Rg1+ 46. Kf6 Rh1 47. Kg6 Kd5 48. f5 Ke5 49. f6 Rg1+ 50. Kf7 Rf1 51. Kg7 Rxf6 0-1

[Event "*** SCC Grand Prix: Titled Tuesday Blitz"]
[Site "Chess.com"]
[Date "2020.10.06"]
[Round "3"]
[White "WiktoriaPOL"]
[Black "VladimirBugayev"]
[Result "0-1"]
[WhiteElo "2048"]
[BlackElo "2312"]
[TimeControl "180+1"]
[EndTime "10:26:55 PDT"]
[Termination "VladimirBugayev won by resignation"]

1. c4 c6 2. Nf3 d5 3. e3 Nf6 4.
Nc3 g6 5. b3 Bg7 6. Bb2 O-O 7.
Be2 Bg4 8. O-O Bxf3 9. Bxf3 e6 10. cxd5 cxd5 11. d4 a6 12. Rc1 Nc6 13. Na4 Qd6 14. Nc5 b6 15. Nd3 Ne4 16. Rc2 Rfc8 17. Qc1 Ne7 18. Ne5 Rxc2 19. Qxc2 Rc8 20. Qd3 Ng5 21.
Be2 b5 22. h4 f6 23. hxg5 fxe5 24. dxe5 Bxe5 25. Bxe5 Qxe5 26. f4 Qc3 27. Kf2 Nf5 28. g4 Nd6 29. Qxc3 Ne4+ 30. Kf3 Rxc3 31. Rd1 Rc2 32.
a4 bxa4 33. bxa4 a5 34. Rb1 Nd2+ 0-1

[Event "*** SCC Grand Prix: Titled Tuesday Blitz"]
[Site "Chess.com"]
[Date "2020.10.06"]
[Round "3"]
[White "killer311"]
[Black "GMJustin"]
[Result "0-1"]
[WhiteElo "2421"]
[BlackElo "2262"]
[TimeControl "180+1"]
[EndTime "10:26:56 PDT"]
[Termination "GMJustin won by checkmate"]

1. d4 d5 2. c4 c5 3. cxd5 Qxd5 4. Nf3 cxd4 5. Qxd4 Nf6 6. Nc3 Qxd4 7. Nxd4 a6 8. g3 e5 9. Nf3 Nc6 10. Bg2 Bb4 11. O-O Bxc3 12. bxc3 Be6 13. Ba3 O-O-O 14. Ng5 Bc4 15. Rfd1 h6 16. Ne4 Nxe4 17. Bxe4 Bxe2 18. Re1 Bc4 19. Bxc6 bxc6 20. Rxe5 Rhe8 21. Rae1 Rxe5 22.
Rxe5 Bxa2 23. Bc5 Rd1+ 24. Kg2 a5 25. Re7 a4 26. Ra7 Bd5+ 27. Kh3 Be6+ 28. g4 Rd3+ 29. Kg2 Rxc3 30. Bd4 Rc4 31. Bxg7 Rxg4+ 32. Kf3 Rxg7 33. Rxa4 Rg5 34. Rh4 Rf5+ 35. Ke2 h5 36. f4 c5 37. Ke3 Kd7 38. Ke4 Kd6 39. Rh3 Rd5 40. Re3 c4 41. Rc3 Bf5+ 42. Ke3 Rd3+ 43. Rxd3+ cxd3 44. h4 Kd5 45. Kd2 Ke4 46. Kc3 Kxf4 47. Kd2 Kg4 48. Kd1 Kxh4 49.
Kd2 Kg3 50. Kd1 h4 51. Kd2 h3 52. Kd1 h2 53. Kd2 h1=N 54. Kd1 Nf2+ 55. Kd2 Kf3 56.
Kc3 Ke3 57. Kb4 d2 58. Kc5 d1=Q 59. Kc6 Kd4 60. Kc7 Ne4 61. Kd8 Ke5+ 62. Ke8 Qa4+ 63.
Kf8 Qa7 64. Kg7 f6+ 65. Kh6 Qh7# 0-1

[Event "*** SCC Grand Prix: Titled Tuesday Blitz"]
[Site "Chess.com"]
[Date "2020.10.06"]
[Round "3"]
[White "ARTHURMOTIVATOR"]
[Black "lacafi"]
[Result "1-0"]
[WhiteElo "2324"]
[BlackElo "2093"]
[TimeControl "180+1"]
[EndTime "10:26:56 PDT"]
[Termination "ARTHURMOTIVATOR won on time"]

1. e4 c6 2. d4 d5 3. exd5 cxd5 4. Bd3 Nf6 5. h3 Nc6 6. c3 g6 7. Nf3 Bg7 8. O-O O-O 9. Re1 a6 10. Na3 b5 11. Nc2 Bf5 12. Bf1 Rc8 13. Ne3 Bd7 14. Ne5 Be8 15. Bd3 Nxe5 16. dxe5 Ne4 17. Ng4 Nc5 18. Bc2 h5 19. Nh6+ Kh8 20. g4 Qd7 21.
Qf3 h4 22. g5 Qe6 23. Nf5 Nd7 24. Nxg7 Kxg7 25. Bf4 Rh8 26. Rad1 Nf8 27. Bb3 Bc6 28. Bxd5 Bxd5 29. Rxd5 Nd7 30. Red1 Nb6 31. R5d3 Nc4 32. Qe2 Qf5 33. Rf3 Rh5 34. b3 Nb6 35. Be3 1-0

[Event "*** SCC Grand Prix: Titled Tuesday Blitz"]
[Site "Chess.com"]
[Date "2020.10.06"]
[Round "3"]
[White "dretch"]
[Black "Zufi1811"]
[Result "0-1"]
[WhiteElo "2844"]
[BlackElo "2493"]
[TimeControl "180+1"]
[EndTime "10:26:57 PDT"]
[Termination "Zufi1811 won on time"]

1. d4 Nf6 2. c4 g6 3. Nc3 Bg7 4. e4 d6 5. Nf3 O-O 6. h3 e5 7. dxe5 dxe5 8. Qxd8 Rxd8 9. Bg5 Re8 10. Nd5 Nxd5 11.
cxd5 c6 12. Bc4 b5 13. Bb3 a5 14. a3 Bb7 15. Rc1 h6 16. Be3 Rc8 17. O-O Nd7 18. dxc6 Rxc6 19. Bd5 Rxc1 20. Rxc1 Bxd5 21. exd5 e4 22. Nd4 b4 23. d6 Ne5 24. Rc7 Rd8 25. Nb5 Nd3 26. d7 Kf8 27. Na7 Ke7 28. Nc8+ Ke6 29.
Nb6 b3 30. Rc4 f5 31. Rc6+ Kf7 32. Bd2 Bxb2 33. Bxa5 Bd4 0-1

[Event "*** SCC Grand Prix: Titled Tuesday Blitz"]
[Site "Chess.com"]
[Date "2020.10.06"]
[Round "3"]
[White "rasmussvane"]
[Black "r31415"]
[Result "1-0"]
[WhiteElo "2901"]
[BlackElo "2474"]
[TimeControl "180+1"]
[EndTime "10:26:58 PDT"]
[Termination "rasmussvane won on time"]

1. Nf3 g6 2. d4 Bg7 3. e4 d6 4. Bd3 Nf6 5. h3 O-O 6. O-O Nc6 7. c3 e5 8. Re1 Nh5 9. Bg5 f6 10. Be3 h6 11. Nh4 Kh7 12. Na3 Qe8 13. Nb5 Qf7 14.
Be2 Nf4 15. Bxf4 exf4 16. Bd3 a6 17. e5 f5 18. e6 Qe7 19. Nxg6 Kxg6 20. Na3 d5 21.
Qg4+ Qg5 22. Qf3 Ne7 23. Re2 Rf6 24. Rae1 Kh7 25. c4 c6 26. Nc2 h5 27. cxd5 cxd5 28. Nb4 Qg6 29. Nxd5 Nxd5 30. Qxd5 f3 31. Qxf3 Rb8 32. d5 Kh8 33. Qf4 Ra8 34. Re5 Bh6 35. Qf3 Qg7 36. Rxf5 Rxf5 37. Qxf5 b5 38. Qxh5 Bb7 39. e7 1-0

[Event "*** SCC Grand Prix: Titled Tuesday Blitz"]
[Site "Chess.com"]
[Date "2020.10.06"]
[Round "3"]
[White "KyrgyzFighter"]
[Black "Obito24"]
[Result "1-0"]
[WhiteElo "2401"]
[BlackElo "2554"]
[TimeControl "180+1"]
[EndTime "10:26:58 PDT"]
[Termination "KyrgyzFighter won on time"]

1. c4 Nf6 2. Nc3 e5 3. Nf3 Nc6 4. e3 Bb4 5. Qc2 O-O 6. Nd5 a5 7. a3 Bc5 8. Ng5 g6 9. h4 h5 10. Bd3 Kg7 11. b3 d6 12. Bb2 Nxd5 13. cxd5 Ne7 14.
f4 f6 15. fxe5 fxe5 16. O-O-O Rf6 17. Ne4 Nxd5 18. Nxf6 Nxf6 19. Bxg6 Bg4 20. Rdf1 Qe7 21. Bf5 d5 22. Bxg4 Nxg4 23. Rf5 Qd6 24. Rg5+ Kh6 25. Rf1 Bxa3 26. Rff5 Bxb2+ 27. Kxb2 Nf6 28. Rxe5 1-0

[Event "*** SCC Grand Prix: Titled Tuesday Blitz"]
[Site "Chess.com"]
[Date "2020.10.06"]
[Round "3"]
[White "Skatchkov_V"]
[Black "Kassimov_B"]
[Result "0-1"]
[WhiteElo "2580"]
[BlackElo "2422"]
[TimeControl "180+1"]
[EndTime "10:26:59 PDT"]
[Termination "Kassimov_B won by checkmate"]

1. d4 Nf6 2. c4 b6 3. Nf3 e6 4. g3 Bb7 5. Bg2 Bb4+ 6. Bd2 Be7 7. O-O O-O 8. Nc3 c6 9. e4 d5 10. e5 Ne4 11. cxd5 cxd5 12. Re1 Nxc3 13. bxc3 Nc6 14.
h4 Na5 15. Bg5 h6 16. Bxe7 Qxe7 17. Qd3 Rac8 18. g4 Qa3 19. Rac1 g6 20. Qe3 Kh7 21.
Bf1 Nc4 22. Qf4 Qe7 23. Bd3 Kg7 24. Kg2 f6 25. exf6+ Rxf6 26. Qg3 Rcf8 27. Ne5 Rxf2+ 28. Qxf2 Rxf2+ 29. Kxf2 Qxh4+ 30. Kg2 Nxe5 31. dxe5 d4+ 32. Kg1 Qg3+ 33. Kf1 Qg2# 0-1

[Event "*** SCC Grand Prix: Titled Tuesday Blitz"]
[Site "Chess.com"]
[Date "2020.10.06"]
[Round "3"]
[White "GameOverBro"]
[Black "underthebridge1999"]
[Result "1-0"]
[WhiteElo "2503"]
[BlackElo "2260"]
[TimeControl "180+1"]
[EndTime "10:26:59 PDT"]
[Termination "GameOverBro won by resignation"]

1. e4 c5 2. Ne2 Nc6 3. Nbc3 e6 4. g3 g6 5. d4 cxd4 6. Nxd4 d5 7. exd5 exd5 8. Bg2 Nge7 9. O-O Bg7 10. Be3 O-O 11. Re1 h6 12. Qd2 Kh7 13. Rad1 f5 14. Nde2 Be6 15.
Nf4 Bf7 16. Ncxd5 Nxd5 17. Nxd5 Ne5 18. b3 Rb8 19. Bf4 Re8 20. h4 Rc8 21. c4 Nc6 22. h5 g5 23. Be3 Bxh5 24. Qc2 Ne5 25. Qxf5+ Bg6 26. Qh3 Qa5 27. Ne7 Rxe7 28. Qxc8 Qxa2 29.
Qc5 Rf7 30. Qxa7 Ng4 31. Qxa2 Nxe3 32. Rxe3 1-0

[Event "*** SCC Grand Prix: Titled Tuesday Blitz"]
[Site "Chess.com"]
[Date "2020.10.06"]
[Round "3"]
[White "ThePatrick27"]
[Black "annazero"]
[Result "0-1"]
[WhiteElo "2548"]
[BlackElo "2396"]
[TimeControl "180+1"]
[EndTime "10:27:00 PDT"]
[Termination "annazero won by resignation"]

1. d4 d5 2. c4 c6 3. Nf3 Nf6 4. Nc3 dxc4 5. a4 Bf5 6. e3 e6 7. Bxc4 Bb4 8. O-O O-O 9. Qe2 Nbd7 10. e4 Bg6 11. Bd3 h6 12. e5 Bxd3 13. Qxd3 Nd5 14.
Nxd5 cxd5 15. Bd2 Bxd2 16. Qxd2 Rc8 17. a5 Rc4 18. b3 Rc6 19. Rfc1 Qc7 20. Rxc6 Qxc6 21.
Rc1 Qb5 22. Rc7 Nb8 23. h4 Nc6 24. h5 Nxa5 25. Rc5 Qxb3 26. Rxa5 a6 27. Rc5 Qb1+ 28.
Rc1 Qf5 29. Rc7 b5 30. Qa5 Qxh5 31. Qxa6 b4 32. Qb5 Ra8 33. Rc1 g5 34. Qxb4 g4 35. Nh2 g3 36. fxg3 Qg5 37. Qc3 Ra4 38. Nf1 Rc4 39. Qb2 Rxc1 40. Qf2 Rc4 41. Nd2 Rc2 42.
Nf1 Rxf2 0-1

[Event "*** SCC Grand Prix: Titled Tuesday Blitz"]
[Site "Chess.com"]
[Date "2020.10.06"]
[Round "3"]
[White "crazy_but_lazy"]
[Black "Ural_bogatyr"]
[Result "1-0"]
[WhiteElo "2560"]
[BlackElo "2375"]
[TimeControl "180+1"]
[EndTime "10:27:00 PDT"]
[Termination "crazy_but_lazy won by resignation"]

1. e4 e5 2. Nf3 Nc6 3. Bb5 Bc5 4. O-O Nf6 5. c3 O-O 6. d4 Bb6 7. Bg5 h6 8. Bh4 d6 9. dxe5 dxe5 10. Qxd8 Rxd8 11. Bxf6 gxf6 12. Na3 Bc5 13. Nc4 Be6 14. b4 Bf8 15. Rfd1 Ne7 16. Ne3 c6 17. Bc4 a5 18. Rxd8 Rxd8 19. bxa5 Ra8 20. Bxe6 fxe6 21. Nc4 Nc8 22. Rb1 Nd6 23. Nfd2 Nb5 24. Rb3 Ra7 25. g3 Bc5 26. Kf1 Kf7 27. Ke2 Ke7 28. f4 exf4 29. gxf4 Kd7 30. Kd3 Kc7 31. e5 Ra8 32. exf6 Nd6 33.
Rb1 Rf8 34. Nxd6 Bxd6 35. Ne4 Bxf4 36. Nc5 Rxf6 37. Rxb7+ Kc8 38. a6 Bb8 39. Rxb8+ Kxb8 40. Nd7+ Ka7 41. Nxf6 Kxa6 42. h4 Kb5 43. h5 e5 44.
Ng4 1-0

[Event "*** SCC Grand Prix: Titled Tuesday Blitz"]
[Site "Chess.com"]
[Date "2020.10.06"]
[Round "3"]
[White "AlexSuv"]
[Black "ZverevLev"]
[Result "1/2-1/2"]
[WhiteElo "2506"]
[BlackElo "2335"]
[TimeControl "180+1"]
[EndTime "10:27:00 PDT"]
[Termination "Game drawn by repetition"]

1. d4 Nf6 2. c4 e6 3. Nc3 Bb4 4. e3 O-O 5. Bd2 d5 6. Nf3 b6 7. cxd5 exd5 8. Rc1 Bb7 9. Bd3 Nbd7 10. Ne5 h6 11. O-O Bxc3 12. Bxc3 Nxe5 13. dxe5 Ne4 14. Bxe4 dxe4 15. Qg4 Qe7 16. Rfd1 Rad8 17. a3 Rxd1+ 18. Rxd1 Rd8 19. Rxd8+ Qxd8 20. e6 f6 21. h4 Qe7 22. Qf4 Bd5 23. Kh2 Qd6 24. Kg3 Bxe6 25. Qxd6 cxd6 26. Kf4 d5 27. Bd4 g5+ 28.
hxg5 hxg5+ 29. Kg3 Kf7 30. f3 exf3 31. gxf3 Kg6 32.
Kg2 g4 33. fxg4 Bxg4 34. Kg3 Kf5 35. Bxf6 Kxf6 36. Kxg4 Ke5 37. Kf3 d4 38. Ke2 Ke4 39. exd4 Kxd4 40. Kd2 Kc4 41. Kc2 b5 42. b3+ Kc5 43.
Kc3 a5 44. b4+ axb4+ 45. axb4+ Kd5 46. Kd3 Ke5 47. Ke3 Kd5 48. Kd3 Ke5 49. Ke3 Kd5 50. Kd3 1/2-1/2

[Event "*** SCC Grand Prix: Titled Tuesday Blitz"]
[Site "Chess.com"]
[Date "2020.10.06"]
[Round "3"]
[White "FLamps8"]
[Black "Abdimalik_Abdisalimov"]
[Result "0-1"]
[WhiteElo "2509"]
[BlackElo "2755"]
[TimeControl "180+1"]
[EndTime "10:27:01 PDT"]
[Termination "Abdimalik_Abdisalimov won by resignation"]

1. d4 Nf6 2. c4 g6 3. Nc3 Bg7 4. e4 O-O 5. Be2 d6 6. Bg5 c5 7. d5 b5 8. cxb5 a6 9. bxa6 Bxa6 10. Bxa6 Nxa6 11. Qe2 Qa5 12. Bd2 Rfb8 13. Rb1 Nb4 14. Nf3 Nc2+ 15. Kf1 Nd4 16. Qd3 Nd7 17. a4 Nxf3 18.
gxf3 Ne5 19. Qe2 c4 20. Kg2 Nd3 21. h4 Nxb2 22. Nd1 Qxa4 23. Be3 c3 24. Nxb2 Rxb2 25.
Rxb2 cxb2 26. Rb1 Qa1 27. Qc2 Qxb1 28. Qxb1 Ra1 29. Qc2 b1=Q 30. Qc8+ Bf8 31. Bh6 Qh1+ 32. Kg3 Rg1+ 33. Kf4 Qxh4+ 34. Ke3 0-1

[Event "*** SCC Grand Prix: Titled Tuesday Blitz"]
[Site "Chess.com"]
[Date "2020.10.06"]
[Round "3"]
[White "ErikRonka"]
[Black "MarceloPlaya"]
[Result "1-0"]
[WhiteElo "2445"]
[BlackElo "2250"]
[TimeControl "180+1"]
[EndTime "10:27:01 PDT"]
[Termination "ErikRonka won by resignation"]

1. e4 e6 2. d4 d5 3. Nc3 Bb4 4. e5 c5 5. a3 Bxc3+ 6. bxc3 Ne7 7. Qg4 Qc7 8. Qxg7 Rg8 9. Qxh7 cxd4 10. Qd3 dxc3 11.
Nf3 Nbc6 12. Qxc3 Bd7 13. Bf4 Rc8 14. Bg3 Nf5 15. Bd3 d4 16. Qb2 Nxg3 17. hxg3 Nxe5 18. Qxd4 Nxf3+ 19. gxf3 Qa5+ 20. Kf1 Bc6 21. Be4 Bxe4 22.
Qxe4 Qd2 23. Qa4+ Kf8 24. Qb4+ Qxb4 25. axb4 a6 26. Ra2 Rc4 27. Rb2 Ke7 28. Ke2 Rgc8 29. Rc1 Kd6 30. f4 Kc6 31. Kd3 Kb5 32. c3 Rd8+ 33. Kc2 Rc6 34. Kb3 Rd3 35. Re2 b6 36. Re5+ Rd5 37. c4+ 1-0